 Dungeon Crawl Stone Soup version 0.31-a0-174-g85c54bcb58 (webtiles) character file.

Game seed: 16354674090444413269

30 SatanicRosa666 the Firebug (level 3, -3/24 HPs)
             Began as a Demonspawn Fire Elementalist on June 15, 2023.
             Slain by a large abomination (27 damage)
             ... on level 2 of the Abyss.
             The game lasted 00:06:41 (517 turns).

SatanicRosa666 the Firebug (DsFE)                    Turns: 517, Time: 00:06:42

Health: -3/24      AC:  2    Str:  8    XL:     3   Next: 3%
Magic:  6/6        EV: 12    Int: 18    God:
Gold:   12         SH:  0    Dex: 13    Spells: 3/6 levels left

rFire   . . .        h - +0 sling
rCold   . . .        (no shield)
rNeg    . . .        a - +0 robe
rPois   .            (no helmet)
rElec   .            (no cloak)
rCorr   .            (no gloves)
SInv    .            (no boots)
Will    .....        (no amulet)
Stlth   ++           (no ring)
HPRegen 0.24/turn    (no ring)
MPRegen 0.10/turn

%: no passive effects
@: no status effects
A: powered by pain 1
a: no special abilities


You were on level 2 of the Abyss.
You visited 1 branch of the dungeon, and saw 1 of its levels.
You visited the Abyss 1 time.

You collected 12 gold pieces.

Inventory:

Hand Weapons
 d - a +1 dagger of distortion
 h - a +0 sling (weapon)
Missiles
 c - 4 poisoned darts
 f - 6 stones
Armour
 a - a +0 robe (worn)
Scrolls
 g - a scroll of poison {unknown}
Potions
 b - a potion of magic
 e - a potion of mutation {unknown}


   Skills:
 + Level 0.1 Short Blades
 + Level 2.0 Dodging
 + Level 2.0 Stealth
 + Level 2.4 Spellcasting
 + Level 1.2 Conjurations
 + Level 3.1 Fire Magic


You had 3 spell levels left.
You knew the following spells:

 Your Spells              Type           Power      Damage    Failure   Level
a - Foxfire               Conj/Fire      40%        2x1d6     7%          1
b - Scorch                Fire           26%        2d6       7%          2

Your spell library contained the following spells:

 Spells                   Type           Power      Damage    Failure   Level
 Freeze                   Ice            8%         1d3       17%         1
 Inner Flame              Hex/Fire       7%         N/A       26%         3
 Volatile Blastmotes      Fire/Tloc      14%        2d11      26%         3
 Hailstorm                Conj/Ice       4%         3d4       38%         3
 Frozen Ramparts          Ice            4%         1d1       45%         3
 Flame Wave               Conj/Fire      10%        2d6       56%         4


Dungeon Overview and Level Annotations

Branches:
Dungeon (1/15)

Altars:


Innate Abilities, Weirdness & Mutations

You sometimes gain a little power by taking damage.


Message History

This branch contains the abyssal rune of Zot.
Found a gateway leading deeper into the Abyss.
There is a gateway leading deeper into the Abyss here.
Casting: Scorch (safe; 7% risk of failure)
Confirm with . or Enter, or press ? or * to list all spells.
Okay, then.
You can't go up here!
Magic restored.
You plunge deeper into the Abyss.
You can't go up here!
Found a gateway leading deeper into the Abyss.
Found a corrupted altar of Lugonu.
A large abomination comes into view.
An efreet comes into view.
It is wielding a +1 scimitar of flaming.
Fire: h) +0 sling
Press: ? - help, Shift-Dir - straight line, f - large abomination
Aim: a large abomination (wandering, hasn't noticed you, 65% to hit)
You shoot a sling bullet.
The sling bullet hits the large abomination.
The large abomination is lightly damaged.
Fire: h) +0 sling
Press: ? - help, Shift-Dir - straight line, f/p - large abomination
Aim: a large abomination (lightly damaged, 65% to hit)
You shoot a sling bullet.
The sling bullet barely misses the large abomination.
The large abomination hits you.
You shoot a sling bullet.
The sling bullet hits the large abomination but does no damage.
The large abomination is lightly damaged.
The large abomination completely misses you.
You shoot a sling bullet.
The sling bullet hits the large abomination but does no damage.
The large abomination is lightly damaged.
The large abomination closely misses you.
You shoot a sling bullet.
The sling bullet hits the large abomination but does no damage.
The large abomination is lightly damaged.
The large abomination hits you!!
Ouch! That really hurt!
You die...

#..... .#.#..#
# .#.. ....#
...#.###.....#
.. ....#...#
##.#...#..#
#.....#...#
#.#.#...#○##
####.R○#☼#
#..@###.R...
##.X# ☼.###
#.... #.#
.....#. ...
.#..##.#. #.
#. .## . #. .
.. . ## .# ..


You could see a large abomination and an efreet.

Vanquished Creatures
  An endoplasm (D:1)
  2 giant cockroaches (D:1)
  3 goblins (D:1)
  A hobgoblin (D:1)
  4 jackals (D:1)
  2 kobolds (D:1)
  A quokka (D:1)
  6 ball pythons (D:1)
20 creatures vanquished.

Vanquished Creatures (others)
  19 foxfires (D:1)
19 creatures vanquished.

Grand Total: 39 creatures vanquished

Notes
Turn   | Place    | Note
-------+----------+-------------------------------------------
     0 | D:1      | SatanicRosa666 the Demonspawn Fire Elementalist began the
                  | quest for the Orb.
     0 | D:1      | Reached XP level 1. HP: 13/13 MP: 3/3
   162 | D:1      | Gained mutation: You sometimes gain a little power by
                  | taking damage. [demonic ancestry]
   162 | D:1      | Reached XP level 2. HP: 19/19 MP: 3/5
   175 | D:1      | Reached skill level 3 in Fire Magic
   418 | D:1      | Learned a level 2 spell: Scorch
   450 | D:1      | Reached XP level 3. HP: 24/24 MP: 2/6
   479 | Abyss:1  | Cast into level 1 of the Abyss (unwielding a weapon of
                  | distortion)
   502 | Abyss:2  | Found a corrupted altar of Lugonu.
   511 | Abyss:2  | Noticed a blizzard demon
   511 | Abyss:2  | Noticed a large abomination
   511 | Abyss:2  | Noticed an efreet
   517 | Abyss:2  | Slain by a large abomination

Illustrated notes

Levels and vault maps discovered:
D:1:      beargit_arrival_greenhouse, layout_basic
Abyss:2:  base:
D:1

Skill      XL: |  1  2 |
---------------+-------+-----
Dodging        | 2 |  2.0
Fire Magic     | 3 |  3.1
Stealth        | 2 |  2.0
Short Blades   | |  0.1
Spellcasting   | |  2.4
Conjurations   | |  1.2

Action                     || total
---------------------------++-------
  Melee: Dagger            ||    38
         Unarmed           ||     1
   Fire: Sling             ||     5
  Throw: Dart              ||     3
         Stone             ||     6
   Cast: Foxfire           ||    10
         Scorch            ||     2
   Stab: Sleeping          ||     2
 Armour: Robe              ||    12
  Dodge: Dodged            ||    28

Table legend: (Time is in decaauts)
 A = Elapsed time spent in this place.
 B = Non-inter-level travel time spent in this place.
 C = Inter-level travel time spent in this place.
 D = Time resting spent in this place.
 E = Time spent auto-exploring this place.
 F = Levels seen in this place.
 G = Mean time per level.
                   A        B        C        D        E       F      G
               +--------+--------+--------+--------+--------+-----+--------+
         Total |    517 |    517 |      0 |    165 |      0 |   3 |  172.3 |
       Dungeon |    478 |    478 |      0 |    165 |      0 |   1 |  478.0 |
         Abyss |     38 |     38 |      0 |      0 |      0 |   2 |   19.0 |
               +--------+--------+--------+--------+--------+-----+--------+

Top non-repeatable levels by time:
     D:1: 478 daAuts
 Abyss:2: 35 daAuts
 Abyss:1: 3 daAuts
